Map: Eastwatch LE

Players

Deruziel - Winner!

  • Race: Terran Terran
  • League: Master
  • Spawn Location: 1:00

HuySolo

  • Race: Zerg Zerg
  • League: Master
  • Spawn Location: 7:00

VOD

Have the link to the VOD?

Description

Time

  • Played on: Feb. 9, 2018, 10:39 p.m.
  • Length: 22:09
Show
View Real Time Build Order
Export as new Build Order

Deruziel Terran - Winner!

Build Orders: Reaper Expand, Bio Tank 

Get SALT Encoding   

  12  0:01  SCV  
  13  0:13  SCV  
  14  0:17  Supply Depot  
  14  0:25  SCV  
  15  0:39  SCV  
  15  0:41  Barracks  
  16  0:46  Refinery  
  16  0:51  SCV  
  17  1:03  SCV  
  18  1:15  SCV  
  19  1:27  Orbital Command  
  19  1:28  Reaper  
  20  1:42  Command Center  
  20  1:54  Supply Depot, SCV  
  20  2:00  Marine  
  22  2:08  SCV  
  22  2:09  Factory  
  23  2:20  SCV  
  24  2:25  Barracks Reactor  
  24  2:33  SCV  
  25  2:45  SCV  
  26  2:57  SCV  
  27  3:00  Command Center  
  27  3:04  Orbital Command  
  27  3:06  Barracks Tech Lab  
  27  3:09  SCV  
  32  3:13  Hellion x2  
  32  3:21  SCV  
  32  3:25  Stimpack, Marine  
  34  3:33  SCV x2  
  38  3:34  Hellion  
  38  3:35  Hellion  
  40  3:42  Marine  
  40  3:46  SCV, Engineering Bay  
  42  3:52  SCV, Engineering Bay  
  43  4:07  SCV, Barracks  
  43  4:08  SCV  
  44  4:14  Terran Infantry Weapons Level 1  
  44  4:16  Barracks  
  44  4:17  Refinery  
  44  4:18  Factory Reactor, Refinery  
  44  4:19  SCV  
  44  4:20  Marine  
  44  4:22  SCV  
  48  4:25  Orbital Command  
  48  4:31  SCV  
  48  4:34  Refinery  
  48  4:37  SCV  
  48  4:38  Marine  
  50  4:39  Barracks  
  50  4:43  Terran Infantry Armor Level 1  
  50  4:47  SCV  
  50  4:49  SCV  
  50  4:52  SCV  
  53  4:56  Marine  
  53  4:59  SCV, Marine x2  
  56  5:01  SCV  
  56  5:04  SCV, Factory Reactor  
  59  5:08  Barracks  
  59  5:12  SCV  
  59  5:13  SCV  
  59  5:14  Starport  
  61  5:20  Marine  
  62  5:21  Supply Depot  
  62  5:23  Supply Depot, SCV  
  62  5:27  Marine  
  62  5:28  Marine  
  65  5:29  Combat Shields  
  65  5:30  Marine  
  65  5:33  Barracks Reactor  
  65  5:34  SCV  
  67  5:35  SCV  
  67  5:36  SCV  
  69  5:46  Supply Depot, SCV  
  69  5:48  Supply Depot  
  70  5:51  Armory  
  70  5:55  Marine x2  
  72  5:57  Barracks Reactor  
  72  5:58  Factory Tech Lab, Medivac  
  74  6:06  Supply Depot  
  74  6:07  SCV x3  
  77  6:13  Marine x2  
  77  6:14  Marine x5  
  84  6:18  Siege Tank  
  84  6:19  SCV  
  84  6:22  SCV  
  89  6:27  Medivac  
  89  6:30  Marine  
  89  6:31  Marine x2  
  94  6:36  Marine  
  94  6:37  Marine x3  
  98  6:40  Terran Vehicle Weapons Level 1, Terran Infantry Weapons Level 2  
  98  6:42  SCV x2  
  98  6:43  SCV  
  98  6:46  Supply Depot  
  101  6:48  Supply Depot  
  101  6:50  Siege Tank  
  101  6:53  Marine x3  
  107  6:54  SCV  
  107  6:55  Marine  
  107  6:56  Terran Infantry Armor Level 2  
  109  7:01  Supply Depot  
  109  7:04  Supply Depot  
  109  7:08  Marine  
  110  7:10  Marine  
  110  7:14  Marine x2  
  110  7:15  Marine x2, Marauder  
  117  7:21  Supply Depot  
  117  7:23  Siege Tank  
  117  7:24  Barracks  
  117  7:25  Barracks  
  117  7:26  Factory  
  117  7:49  Marine x8, Marauder  
  127  7:58  Command Center  
  127  8:03  Barracks x2  
  103  8:11  Marine, Marauder  
  103  8:12  Marine x6  
  95  8:13  Siege Tank  
  95  8:16  Factory Tech Lab  
  95  8:17  Barracks Reactor x2  
  98  8:24  SCV  
  98  8:26  Marine  
  100  8:31  Supply Depot, SCV  
  100  8:32  Marine x7, Marauder  
  110  8:40  Barracks  
  110  8:44  Refinery  
  110  8:46  Refinery  
  110  8:48  Marine  
  110  8:49  Marine x2  
  110  8:53  Marauder  
  115  8:57  Marine x2  
  115  8:58  Marine x2  
  115  9:00  Siege Tank x2  
  115  9:01  Marine  
  115  9:02  SCV  
  127  9:12  Marine  
  127  9:13  Marine  
  127  9:15  Marauder  
  127  9:16  Barracks Tech Lab x2  
  131  9:24  Marine  
  131  9:25  Marine  
  133  9:36  Marauder  
  114  9:47  Marine  
  114  9:48  Marine x4, Marauder x2  
  114  9:50  Marine x6  
  109  9:57  Marauder  
  111  10:05  Marine x2  
  111  10:06  Marine x4  
  111  10:07  Marine, Planetary Fortress  
  117  10:08  Marine  
  117  10:09  Marauder  
  117  10:10  Marauder  
  117  10:11  Marine x3  
  117  10:12  Siege Tank  
  117  10:13  Siege Tank  
  132  10:18  Starport  
  132  10:19  Marauder  
  118  10:31  Marauder x2  
  118  10:34  Marine x10  
  118  10:35  Marine x2  
  132  10:36  Refinery  
  132  10:37  Refinery  
  132  10:38  SCV x3  
  132  10:40  Marauder  
  132  10:42  Terran Infantry Weapons Level 3  
  137  10:46  Terran Infantry Armor Level 3  
  137  10:52  Marine x4, Marauder  
  137  10:53  Medivac x2, Marauder  
  101  11:27  Marine x11  
  101  11:28  Siege Tank x2  
  112  11:42  Marine x3, Marauder  
  112  11:44  Marine  
  112  11:45  Marine x4, Medivac x2  
  126  11:48  Starport Tech Lab  
  126  11:49  Starport  
  126  11:50  Fusion Core, SCV x3  
  129  11:56  SCV  
  129  12:00  Marauder  
  130  12:15  Marine x2  
  122  12:16  Marauder  
  122  12:19  Liberator  
  122  12:21  Marine x5, Marauder  
  122  12:22  Marine  
  134  12:23  Siege Tank  
  134  12:24  Siege Tank  
  134  12:28  Marine x4  
  134  12:29  Marauder  
  144  12:30  Medivac x2  
  144  12:35  Starport Reactor  
  151  12:37  Advanced Ballistics  
  151  12:39  Marine x3  
  151  12:41  Marine  
  151  12:42  Liberator, Marine x2, Marauder  
  151  12:43  SCV x3  
  144  12:51  Marine x2  
  144  12:52  Marauder  
  144  12:53  Marine x3  
  144  12:56  Siege Tank  
  154  13:00  Siege Tank  
  160  13:10  Medivac  
  160  13:12  Marine x9  
  171  13:13  SCV  
  172  13:22  SCV  
  148  13:46  Marine x3  
  148  13:47  Marauder x2  
  123  13:50  Marauder, Marine x5, Liberator  
  100  14:03  Marine x4  
  100  14:04  Marine  
  100  14:06  Siege Tank x2  
  100  14:07  Medivac x2  
  100  14:08  SCV x2, Medivac  
  122  14:13  SCV  
  123  14:20  Marine x6  
  123  14:23  Command Center  
  129  14:26  Supply Depot  
  129  14:27  Supply Depot  
  129  14:31  Marine x3, Marauder  
  133  14:37  Terran Ship Weapons Level 1  
  133  14:38  Ghost Academy  
  119  15:08  Marine x3, Marauder  
  119  15:09  Ghost  
  119  15:10  Ghost  
  127  15:15  Marine  
  127  15:16  Marine  
  127  15:19  Liberator  
  127  15:20  Liberator  
  128  15:29  Ghost  
  128  15:35  Marine x3  
  131  15:37  Thor  
  131  15:38  Ghost  
  131  15:39  SCV, Marauder  
  150  15:42  Planetary Fortress  
  149  15:53  Orbital Command, Marine x4  
  149  15:54  Marine  
  149  15:56  Liberator x2  
  133  15:57  Ghost  
  133  15:59  Marine x5  
  133  16:00  Marauder  
  133  16:01  Marine x2  
  131  16:07  Marauder  
  131  16:11  Marine x2  
  125  16:13  SCV  
  134  16:20  Personal Cloaking  
  134  16:21  Marauder  
  136  16:27  Marauder  
  134  16:39  Liberator  
  124  16:45  Liberator  
  123  16:54  Ghost x3  
  123  17:00  Building Armor  
  123  17:01  Hi-Sec Auto Tracking  
  135  17:08  Command Center  
  135  17:13  Marine x4  
  139  17:22  Ghost x2  
  143  17:32  Siege Tank  
  143  17:33  Marine x3, Marauder  
  148  17:43  Marine x2  
  148  17:44  Marine x3  
  129  17:51  Marauder  
  112  17:59  Marine  
  112  18:00  Marine x8  
  115  18:09  Liberator x3  
  115  18:10  SCV  
  116  18:22  Ghost  
  116  18:24  Ghost  
  116  18:26  Planetary Fortress  
  127  18:41  Nuke  
  123  18:42  Terran Ship Weapons Level 2  
  123  18:46  Marine x3  
  126  19:00  Marine  
  127  19:04  SCV x2, Refinery  
  127  19:06  Refinery  
  129  19:28  Liberator x2  
  129  19:44  Ghost  
  126  19:57  Medivac  
  126  19:58  Marine x3  
  126  19:59  Marine x11  
  142  20:05  Missile Turret  
  142  20:08  Liberator  
  140  20:20  Marine x4  
  140  20:21  Orbital Command, Marine x6  
  144  20:22  Nuke  
  144  20:27  SCV  
  153  20:30  Refinery  
  153  20:31  Refinery  
  153  20:40  Refinery  
  153  20:41  Refinery  
  153  20:43  SCV  
  153  20:44  SCV  
  153  20:45  SCV x2  
  153  20:48  Siege Tank  
  153  20:49  Marine x3  
  163  21:09  Marine x3, Marauder  
  168  21:17  Marine x3  
  168  21:18  Marauder  
  173  21:35  Marine x2  
  173  21:36  Marine x4  
  187  21:46  Marine  
  190  21:47  Marine, Marauder  
Show
View Real Time Build Order
Export as new Build Order

HuySolo Zerg 

Build Orders: Hatch First 

Get SALT Encoding   

  12  0:00  Drone  
  13  0:12  Overlord  
  13  0:17  Drone  
  14  0:30  Drone x2  
  14  0:34  Drone  
  17  0:52  Hatchery  
  17  0:54  Drone  
  17  0:57  Drone  
  18  1:08  Extractor  
  17  1:12  Spawning Pool  
  17  1:15  Drone  
  18  1:18  Drone  
  18  1:28  Drone  
  19  1:40  Drone  
  20  1:49  Overlord  
  20  1:59  Queen  
  22  2:03  Queen  
  22  2:04  Zergling x2  
  22  2:05  Zergling x2  
  26  2:13  Drone, Metabolic Boost  
  27  2:27  Hatchery  
  26  2:35  Drone  
  26  2:36  Drone x2  
  29  2:44  Queen  
  29  2:47  Overlord  
  31  2:52  Drone  
  31  2:54  Drone  
  31  2:56  Drone  
  31  2:58  Drone  
  35  3:01  Drone  
  35  3:05  Drone  
  37  3:10  Drone x3  
  37  3:12  Drone  
  41  3:18  Overlord  
  41  3:19  Drone  
  42  3:21  Drone  
  43  3:31  Drone  
  44  3:36  Queen  
  44  3:38  Drone x2  
  48  3:46  Zergling x6  
  48  3:47  Zergling x2  
  52  3:50  Drone x3  
  52  3:52  Spore Crawler  
  52  3:54  Spore Crawler  
  53  3:56  Drone  
  53  4:00  Overlord  
  54  4:09  Overlord  
  54  4:10  Overlord  
  54  4:20  Queen  
  54  4:21  Drone x2  
  58  4:27  Queen  
  60  4:32  Drone x2  
  60  4:33  Drone x6  
  60  4:35  Lair  
  68  4:38  Baneling Nest  
  68  4:43  Spore Crawler  
  66  4:50  Extractor  
  66  4:51  Drone x2  
  67  4:53  Drone x2, Extractor  
  67  4:54  Drone, Overlord  
  67  4:59  Zergling x4  
  71  5:01  Drone x3  
  71  5:04  Overlord  
  74  5:08  Overlord  
  74  5:19  Hatchery  
  73  5:23  Drone  
  73  5:24  Drone x2, Zergling x2  
  73  5:25  Zergling x4  
  73  5:27  Extractor  
  78  5:29  Extractor  
  78  5:32  Drone x4, Extractor  
  78  5:35  Drone  
  81  5:39  Hydralisk Den  
  81  5:42  Evolution Chamber x2  
  78  5:44  Zergling x4  
  78  5:47  Baneling x2, Centrifical Hooks  
  80  5:53  Drone  
  81  5:58  Drone  
  81  5:59  Drone x3  
  81  6:00  Drone  
  86  6:05  Zergling x4  
  88  6:13  Zerg Melee Weapons Level 1, Zerg Ground Armor Level 1  
  88  6:14  Overlord  
  88  6:22  Hydralisk x5  
  88  6:24  Overlord x3  
  98  6:32  Queen  
  98  6:33  Drone x2  
  98  6:34  Drone, Hydralisk x2, Zergling x2  
  98  6:35  Zergling x4  
  98  6:38  Baneling x4  
  98  6:39  Baneling  
  110  6:40  Overlord  
  110  6:57  Hydralisk x4  
  110  6:58  Hydralisk, Zergling x4  
  122  7:05  Muscular Augments  
  122  7:07  Drone x2  
  122  7:08  Drone x4, Extractor  
  126  7:09  Extractor  
  126  7:10  Drone x3  
  126  7:15  Drone x3  
  132  7:25  Baneling x6  
  132  7:26  Baneling x5, Zergling x4  
  132  7:27  Zergling x2  
  133  7:39  Zergling x4  
  133  7:40  Zergling x4  
  133  7:42  Overlord x3  
  134  7:51  Zergling x12  
  128  7:52  Zergling x4  
  128  7:53  Overlord x2  
  111  8:07  Hydralisk x4, Zergling x2  
  111  8:08  Zergling x8  
  121  8:18  Hatchery  
  120  8:20  Hydralisk x2  
  120  8:21  Zergling x2  
  120  8:23  Zerg Melee Weapons Level 2  
  125  8:30  Hatchery  
  125  8:32  Zergling x6  
  127  8:37  Hydralisk, Zergling x2  
  130  8:46  Zergling x2  
  127  8:48  Grooved Spines  
  127  8:49  Zerg Ground Armor Level 2  
  127  8:58  Baneling  
  127  8:59  Baneling x13  
  127  9:10  Pneumatized Carapace  
  127  9:11  Zergling x12  
  127  9:15  Zergling x4  
  127  9:16  Zergling x2  
  130  9:35  Zergling x8  
  130  9:38  Zergling x14  
  114  9:46  Hydralisk x2  
  114  9:47  Zergling x6  
  114  9:49  Zergling x2  
  99  9:56  Zergling x4  
  99  9:57  Zergling x4  
  103  10:00  Zergling x12  
  103  10:05  Hatchery  
  108  10:08  Zergling x6  
  108  10:09  Zergling x4  
  107  10:28  Hydralisk x4, Zergling x2  
  93  10:29  Zergling x12, Hydralisk  
  93  10:32  Baneling, Zergling x2  
  93  10:33  Baneling x8  
  93  10:35  Hydralisk x6  
  106  10:42  Hydralisk, Zergling x2  
  117  10:46  Queen  
  117  10:48  Queen  
  117  10:49  Hydralisk  
  121  10:50  Hydralisk x2, Zergling x8  
  121  10:51  Zergling x2  
  130  10:57  Drone x3  
  130  10:59  Hydralisk, Zergling x2  
  130  11:00  Zergling x2  
  134  11:13  Hydralisk x4, Zergling x4  
  134  11:14  Zergling x6  
  129  11:19  Hydralisk, Zergling x6  
  129  11:22  Queen  
  129  11:23  Hydralisk, Zergling x2  
  129  11:24  Zergling x2  
  135  11:34  Zergling x2  
  135  11:35  Zergling x16  
  135  11:37  Drone x2  
  144  11:42  Drone x2  
  144  11:43  Drone  
  144  11:46  Drone x3  
  150  11:53  Zergling x6  
  153  11:56  Baneling x10  
  153  12:06  Hydralisk x5  
  160  12:16  Hydralisk x2, Zergling x2  
  160  12:17  Zergling x6  
  160  12:22  Infestation Pit  
  167  12:28  Drone x2  
  169  12:38  Hatchery  
  169  12:40  Drone x2  
  168  13:00  Zergling x2  
  168  13:01  Zergling x18  
  168  13:03  Baneling x2  
  168  13:04  Baneling  
  178  13:15  Hatchery  
  178  13:16  Zergling x10  
  178  13:18  Overlord x2  
  145  13:44  Hydralisk x5, Zergling x4  
  145  13:45  Zergling x10  
  145  13:48  Hydralisk, Zergling x2  
  140  13:49  Zergling x6  
  135  13:59  Hydralisk x2, Zergling x4  
  135  14:00  Zergling x6  
  135  14:04  Hydralisk, Zergling x4  
  139  14:11  Hydralisk  
  139  14:12  Zergling x8  
  145  14:21  Zergling x8  
  145  14:23  Baneling x8  
  146  14:48  Hydralisk x5, Zergling x6  
  146  14:49  Zergling x8  
  159  14:54  Zergling x4  
  159  14:55  Zergling x6  
  159  14:57  Zergling x6  
  164  15:24  Hydralisk x2  
  164  15:25  Hydralisk x4, Zergling x10  
  164  15:26  Zergling x8  
  185  15:31  Hive  
  185  15:32  Infestation Pit  
  185  15:34  Queen  
  186  15:42  Zergling x8  
  190  15:44  Baneling x13  
  161  16:00  Hydralisk x4, Zergling x4  
  161  16:01  Zergling x4  
  148  16:06  Hydralisk, Zergling x4  
  148  16:07  Zergling x2  
  148  16:08  Hydralisk  
  145  16:17  Hydralisk  
  145  16:18  Hydralisk, Zergling x6  
  143  16:35  Hydralisk  
  143  16:36  Hydralisk x3, Zergling x10  
  143  16:37  Zergling x4  
  135  16:43  Zergling x2  
  135  16:44  Zergling x8  
  125  16:47  Baneling x4  
  125  16:48  Zergling x4  
  127  17:00  Zergling x10  
  127  17:01  Zergling x10  
  137  17:03  Baneling  
  137  17:04  Baneling x4  
  137  17:05  Baneling  
  137  17:07  Zergling x4  
  139  17:17  Zergling x8  
  139  17:18  Zergling x2  
  142  17:24  Baneling  
  142  17:25  Baneling x14  
  142  17:28  Zergling x8  
  137  17:38  Zergling x2  
  137  17:39  Zergling x14  
  113  17:57  Hydralisk x3, Zergling x6  
  101  17:59  Hydralisk  
  101  18:00  Zergling x2  
  101  18:04  Hydralisk  
  101  18:05  Hydralisk  
  97  18:07  Overseer  
  94  18:13  Drone x2  
  88  18:25  Zergling x8  
  83  18:27  Adrenal Glands  
  83  18:31  Hydralisk x2  
  83  18:32  Zergling x4  
  86  18:41  Hydralisk x3  
  86  18:48  Drone x3  
  89  18:49  Drone  
  89  18:50  Drone x2  
  89  18:52  Drone  
  89  18:54  Hydralisk  
  95  18:56  Zergling x2  
  96  19:05  Drone x3  
  99  19:13  Hydralisk x3, Zergling x4  
  107  19:27  Hydralisk x4  
  107  19:31  Zergling x8  
  98  19:52  Drone x4  
  99  19:53  Lair  
  98  20:03  Hydralisk, Zergling x6  
  101  20:09  Hydralisk  
  103  20:26  Hatchery  
  102  20:28  Hatchery  
  94  20:39  Zergling x12  
  94  20:42  Baneling x3  
  100  21:11  Zergling x8  
  103  21:12  Baneling  
  103  21:13  Baneling x4  
  103  21:14  Baneling x4  
  103  21:15  Baneling x3  
  104  21:34  Overseer  
  104  21:35  Overseer  
  104  21:36  Overseer  
  104  21:37  Hydralisk x4, Zergling x4  
  104  21:38  Zergling x6  
  104  21:39  Zergling x2  
  121  21:46  Zergling x4  
  121  21:47  Zergling x2  
  121  21:50  Spore Crawler  
Tags
 
Add a new tag
Caveats
  • Supply blocks, unpowered buildings, or Contaminate may cause inaccurate times.
  • Supply counts are checked every 10 seconds.